 Dungeon Crawl Stone Soup version 0.30.0-11-gf55b779eaf (webtiles) character file.

Game seed: 2209144336696215901

853 Farfigtubin the Chopper (level 8, -14/65 HPs)
             Began as a Formicid Fighter on May 16, 2023.
             Was an Initiate of Qazlal.
             Demolished by an ogre
             ... wielding a +0 giant spiked club
              (31 damage)
             ... on level 5 of the Dungeon.
             The game lasted 00:18:40 (4373 turns).

Farfigtubin the Chopper (Formicid Fighter)          Turns: 4373, Time: 00:18:41

Health: -14/65     AC:  6    Str: 23    XL:     8   Next: 21%
Magic:  0/8        EV:  9    Int:  8    God:    Qazlal [......]
Gold:   244        SH:  5    Dex: 13    Spells: 7/7 levels left

rFire   . . .        a - +0 war axe
rCold   . . .        c - +0 buckler
rNeg    . . .        b - +0 scale mail
rPois   .            (helmet unavailable)
rElec   .            (no cloak)
rCorr   .            (no gloves)
SInv    +            (no boots)
Will    +....        o - amulet of guardian spirit Stlth
                     k - ring of willpower
HPRegen 0.30/turn    (no ring)
MPRegen 0.11/turn

%: guardian spirit
@: no status effects
A: permanent stasis, dig shafts and tunnels, antennae 3, four strong arms
a: Dig, Shaft Self, Renounce Religion


You were on level 5 of the Dungeon.
You worshipped Qazlal.
Qazlal was noncommittal.
You visited 2 branches of the dungeon, and saw 6 of its levels.

You collected 244 gold pieces.

Inventory:

Hand Weapons
 a - a +0 war axe (weapon)
Missiles
 f - 34 stones
 l - 13 poisoned darts (quivered)
 u - 3 boomerangs
Armour
 b - a +0 scale mail (worn)
 c - a +0 buckler (worn)
Jewellery
 k - a ring of willpower (left hand)
 o - an amulet of guardian spirit (around neck)
 s - the ring of Leuteb Ceti {Fire Will- Int+4 Dex+5}
   (You found it on level 4 of the Dungeon)

   [ring of fire]

   It enhances your fire magic.
   Int:       It affects your intelligence (+4).
   Dex:       It affects your dexterity (+5).
   rF:        It protects you from fire.
   rC:        It makes you vulnerable to cold.
   Will:      It decreases your willpower.
Scrolls
 e - 4 scrolls of identify
 g - a scroll of enchant weapon {unknown}
 h - 3 scrolls of teleportation {unknown}
 i - 3 scrolls of magic mapping {unknown}
 j - a scroll of vulnerability {unknown}
 m - 2 scrolls of blinking {unknown}
 p - a scroll of poison {unknown}
 t - a scroll of enchant armour {unknown}
Potions
 d - 2 potions of might
 n - 3 potions of mutation
 q - 3 potions of brilliance


   Skills:
 + Level 6.4 Fighting
 * Level 7.4 Axes
 + Level 0.0 Throwing
 - Level 3.2 Armour
 - Level 4.0 Shields


You had 7 spell levels left.
You didn't know any spells.
Your spell library contained the following spells:

 Spells                   Type           Power      Damage    Failure   Level
 Apportation              Tloc           0%         N/A       78%         1
 Lesser Beckoning         Tloc           0%         N/A       89%         2
 Momentum Strike          Conj/Tloc      0%         3d8       89%         2
 Static Discharge         Conj/Air       0%         2-2/arc   89%         2
 Airstrike                Air            0%         2d(0-16)  100%        4
 Summon Lightning Spire   Summ/Air       0%         N/A       100%        4
 Alistair's Intoxication  Tmut/Pois      0%         N/A       100%        5
 Blink                    Tloc           Unusable   N/A       N/A         2

Dungeon Overview and Level Annotations

Branches:
Dungeon (5/15)             Temple (1/1) D:5

Altars:
Ashenzari
Dithmenos
Fedhas
Makhleb
Qazlal
Trog
Uskayaw
Wu Jian
Zin

Shops:
D:2 [   D:4 (


Innate Abilities, Weirdness & Mutations

You cannot be hasted, slowed, berserked, paralysed or teleported.
You can dig through walls and to a lower floor.
You have a pair of large antennae on your head. (SInv)
Your four strong arms can wield two-handed weapons with a shield.


Message History

You hear a shout!
You see here a hound corpse.
The gnoll shoots a sling bullet.
The sling bullet hits you.
You see here a +0 shortbow.
An orc warrior comes into view. It is wielding a +0 scimitar.
The orc warrior closely misses you.
You barely miss the orc warrior. The orc warrior barely misses you.
The orc warrior hits you with a +0 scimitar!
You closely miss the orc warrior.
The orc warrior hits you with a +0 scimitar!
You hit the orc warrior.
The orc warrior is lightly wounded.
The orc warrior hits you with a +0 scimitar!
You slash the orc warrior!
The orc warrior is heavily wounded.
You barely miss the ogre.
The orc warrior hits you with a +0 scimitar!
The ogre closely misses you.
You hit the orc warrior but do no damage.
The orc warrior is heavily wounded.
You slash the ogre! The orc warrior closely misses you.
You block the ogre's attack.
You hit the orc warrior but do no damage.
The orc warrior is heavily wounded.
You hit the ogre.
The orc warrior hits you with a +0 scimitar!
* * * LOW HITPOINT WARNING * * *
You barely miss the orc warrior.
The orc warrior is heavily wounded.
You barely miss the ogre. The orc warrior completely misses you.
The ogre barely misses you.
You barely miss the orc warrior.
The orc warrior is heavily wounded.
You hit the ogre. The orc warrior closely misses you.
The ogre hits you but does no damage. You block the orc warrior's attack.
You closely miss the orc warrior.
The orc warrior is heavily wounded.
You hit the ogre.
The ogre hits you with a +0 giant spiked club!!
You die...

##..............# #.#
#.##
...#.#####.#....# #.#
#.##
#.......g{......# #.#
#.##
##.#{###....PP..#
#.######.## ...#.#
##...P...#
#.......#.. ####.#
#.O.....# ########.##
####.# ####..#g# #.#
.†...#
####O##############.#
######
#.@o..........†..#
##################


You could see an orc warrior, an ogre and a gnoll.

Vanquished Creatures
  A water moccasin (D:5)
  An ice beast (D:5)
  A black bear (D:5)
  2 centaurs (D:5)
  A phantom (D:5)
  3 hounds (D:5)
  3 iguanas
  7 adders
  A white imp (D:5)
  An ufetubus (D:5)
  A worm (D:4)
  4 dart slugs
  10 orcs
  10 ball pythons
  3 bats
  2 endoplasms
  3 giant cockroaches
  7 goblins
  4 hobgoblins
  10 jackals
  4 kobolds
  8 quokkas
  4 frilled lizards
  6 rats
97 creatures vanquished.

Notes
Turn   | Place    | Note
-------+----------+-------------------------------------------
     0 | D:1      | Farfigtubin the Formicid Fighter began the quest for the
                  | Orb.
     0 | D:1      | Reached XP level 1. HP: 18/18 MP: 1/1
   203 | D:1      | Reached XP level 2. HP: 24/24 MP: 2/2
   363 | D:1      | Reached XP level 3. HP: 30/30 MP: 3/3
   489 | D:1      | Reached skill level 3 in Axes
   867 | D:2      | Found Kocoess's Antique Armour Shoppe.
   988 | D:2      | Reached XP level 4. HP: 32/37 MP: 4/4
  1203 | D:2      | Found a faded altar of an unknown god.
  1435 | D:2      | Found a shadowy altar of Dithmenos.
  1896 | D:3      | Reached skill level 4 in Axes
  1896 | D:3      | Reached XP level 5. HP: 31/42 MP: 5/5
  2071 | D:3      | Found a shadowy altar of Dithmenos.
  2280 | D:3      | Found a blossoming altar of Fedhas.
  2651 | D:4      | Identified the ring of Leuteb Ceti {Fire Will- Int+4 Dex+5}
  2825 | D:4      | Found Xipapt's Weapon Emporium.
  3269 | D:5      | Entered Level 5 of the Dungeon
  3351 | D:5      | Reached XP level 6. HP: 48/49 MP: 6/6
  3433 | D:5      | Noticed a water moccasin
  3448 | D:5      | Killed a water moccasin
  3449 | D:5      | Reached skill level 5 in Fighting
  3449 | D:5      | Reached skill level 5 in Axes
  3564 | D:5      | Reached XP level 7. HP: 31/56 MP: 5/7
  3671 | D:5      | Found a staircase to the Ecumenical Temple.
  3702 | Temple   | Entered the Ecumenical Temple
  3820 | Temple   | Became a worshipper of Qazlal Stormbringer
  3932 | D:5      | Reached skill level 6 in Axes
  4226 | D:5      | Reached skill level 7 in Axes
  4226 | D:5      | Reached XP level 8. HP: 64/64 MP: 8/8
  4373 | D:5      | Demolished by an ogre

Illustrated notes

Levels and vault maps discovered:
D:1:      dpeg_arrival_brainrot, layout_basic
D:2:      layout_basic, hellmonk_ecumenical_altar_run_dry, serial_shops,
          nicolae_shop_dealshenge, basic_altar, serial_park_tiny_1,
          minmay_splitting_lines, chequers_serial_rivers_large_b
D:3:      layout_basic, old_standard_altar, fedhas_altar_3, serial_glass,
          glass_columns_b, glass_columns_b
D:4:      layout_basic, serial_shops, shop, chequers_serial_rivers_micro_c
D:5:      layout_loops_ring, minmay_temple_entry_grid, serial_park_tiny_1,
          minmay_joined_circles
Temple:   hellmonk_temple_beads

Skill      XL: |  1  2  3  4  5  6  7 |
---------------+----------------------+-----
Axes           | 3 4 5 7 |  7.4
Fighting       | 4 5 6 |  6.4
Armour         | |  3.2
Shields        | |  4.0

Action                     |  1- 3 |  4- 6 |  7- 9 || total
---------------------------+-------+-------+-------++-------
  Melee: War axe           |    88 |   157 |    77 ||   322
  Throw: Dart              |       |     5 |     9 ||    14
    Use: Scroll            |       |     4 |       ||     4
         Potion            |       |     3 |       ||     3
 Armour: Scale mail        |    33 |    67 |    25 ||   125
  Dodge: Dodged            |    32 |    61 |    34 ||   127
  Block: Buckler           |    18 |    44 |    17 ||    79
